 Dungeon Crawl Stone Soup version 0.23-a0-385-gb2d5814 (webtiles) character file.

72 Cryolive the Digger (level 4, -5/24 HPs)
             Began as a Gargoyle Earth Elementalist on Oct 28, 2018.
             Slain by a gnoll
             ... wielding a +0 spear
              (6 damage)
             ... on level 2 of the Dungeon.
             The game lasted 00:04:44 (2632 turns).

Cryolive the Digger (Gargoyle Earth Elementalist)   Turns: 2632, Time: 00:04:44

Health: -5/24      AC:  5    Str: 11    XL:     4   Next: 26%
Magic:  0/8        EV: 12    Int: 17    God:
Gold:   9          SH:  0    Dex: 10    Spells: 5/9 levels left

rFire    . . .     SeeInvis .   e - +0 club
rCold    . . .     Gourm    .   (no shield)
rNeg     + . .     Faith    .   c - +0 robe
rPois    ∞         Spirit   .   (no helmet)
rElec    +         Reflect  .   (no cloak)
rCorr    .         Harm     .   (no gloves)
MR       .....                  (no boots)
Stlth    ++........             (no amulet)
HPRegen  0.08/turn              (no ring)
MPRegen  0.11/turn              (no ring)

@: very slightly contaminated
A: negative energy resistance 1, electricity resistance, unbreathing,
petrification resistance, rot immunity, AC +3
a: no special abilities


You were on level 2 of the Dungeon.
You were not hungry.

You visited 1 branch of the dungeon, and saw 2 of its levels.

You collected 9 gold pieces.

Inventory:

Hand Weapons
 e - a +0 club (weapon)
Missiles
 b - 28 stones (quivered)
Armour
 c - a +0 robe (worn)
Scrolls
 a - a scroll of remove curse {unknown}
 f - a scroll of magic mapping {unknown}
 h - 2 scrolls of identify {unknown}
 i - a scroll of teleportation {unknown}
Comestibles
 d - 2 rations


   Skills:
 - Level 1.5 Dodging
 - Level 2.1 Stealth
 + Level 3.0 Spellcasting
 + Level 1.4 Conjurations
   Level 0.7 Transmutations
 + Level 4.7 Earth Magic


You had 5 spell levels left.
You knew the following spells:

 Your Spells              Type           Power        Failure   Level  Hunger
a - Sandblast             Erth           ###...       2%          1    None
b - Stone Arrow           Conj/Erth      ##....       14%         3    ###....

Your spell library contained the following spells:

 Spells                   Type           Power        Failure   Level  Hunger
 Passwall                 Tmut/Erth      ##......     9%          2    ##.....
 Petrify                  Tmut/Erth      ##......     50%         4    ####...
 Lee's Rapid Deconstruct  Erth           ###.......   56%         5    ######.


Dungeon Overview and Level Annotations

Branches:
Dungeon (2/15)

Altars:
Elyvilon


Innate Abilities, Weirdness & Mutations

You are resistant to torment.
Your stone body is resilient. (AC +3)
You are immune to poison.
You resist negative energy. (rN+)
You are resistant to electric shocks. (rElec)
You can survive without breathing.
You are immune to petrification.
You are immune to rotting.


Message History

b - 28 stones The gnoll hits you from afar with a +0 spear.
* * * LOW HITPOINT WARNING * * *
Casting: Sandblast (safe; 2% risk of failure)
Confirm with . or Enter, or press ? or * to list all spells.
Aiming: Stone Arrow (safe; 14% risk of failure)
Press: ? - help, Shift-Dir - straight line, f/p - gnoll
Aim: a gnoll, wielding a +0 spear (severely wounded)
You miscast Stone Arrow.
You are very lightly contaminated with residual magic.
You hear a distant rumble.
The gnoll closely misses you.
Casting: Stone Arrow (safe; 14% risk of failure)
Confirm with . or Enter, or press ? or * to list all spells.
Aiming: Stone Arrow (safe; 14% risk of failure)
Press: ? - help, Shift-Dir - straight line, f/p - gnoll
Aim: a gnoll, wielding a +0 spear (severely wounded)
The stone arrow misses the gnoll.
The stone arrow misses the goblin.
The gnoll hits you from afar with a +0 spear.
You die...

#.##.#..#.##.########.#
#.##.#.......# #.#
#.......#.######## #.#
####.###.........# #.#
####......######.####.#
.....................(#
#.##......######.######
#.##.###.... #.# ..##.#
.##. #@# #.##.# # #)#
.....# #g# ....##
....g..g# #...#
##....... #...###
#g..##### #...#. .g...
...... .... #.#.#.. ...


You could see a gnoll and a goblin.

Vanquished Creatures
  A gnoll (D:2)
  An adder (D:2)
  2 dart slugs (D:1)
  3 giant cockroaches
  4 hobgoblins
  11 jackals
  A kobold (D:1)
  2 quokkas (D:2)
  5 bats (D:1)
  2 frilled lizards
  7 goblins
  3 rats (D:1)
42 creatures vanquished.

Notes
Turn   | Place    | Note
-------+----------+-------------------------------------------
     0 | D:1      | Cryolive the Gargoyle Earth Elementalist began the quest
                  | for the Orb.
     0 | D:1      | Reached XP level 1. HP: 10/10 MP: 3/3
   486 | D:1      | Reached skill level 4 in Earth Magic
   486 | D:1      | Reached XP level 2. HP: 12/15 MP: 5/5
  1002 | D:1      | Reached XP level 3. HP: 7/19 MP: 2/6
  1007 | D:1      | Learned a level 3 spell: Stone Arrow
  2024 | D:2      | Reached skill level 1 in Conjurations
  2299 | D:2      | Reached XP level 4. HP: 13/24 MP: 8/8
  2553 | D:2      | Found a white marble altar of Elyvilon.
  2630 | D:2      | HP: 1/24 [gnoll/+0 spear (1)]
  2632 | D:2      | Slain by a gnoll

Vault maps used:
D:1:      lightli_arrival_chessboard
D:2:      nicolae_gozag_cash_rules_everything_around_me,
          eat_drink_and_be_merry_uskayaw, lemuel_coloured_pillars_altar,
          chequers_serial_rivers_micro_c, due_unseen_surprise

Skill      XL: |  1  2  3  4 |
---------------+-------------+-----
Earth Magic    | 4 |  4.7
Conjurations   | 1 |  1.4
Spellcasting   | 3 |  3.0
Dodging        | |  1.5
Stealth        | |  2.1
Transmutations | |  0.7

Action                   |  1- 3 |  4- 6 || total
-------------------------+-------+-------++-------
Melee: Unarmed           |    56 |       ||    56
       Club              |   150 |    20 ||   170
 Cast: Sandblast         |    19 |     2 ||    21
       Stone Arrow       |       |     1 ||     1
  Eat: Chunk             |     5 |     1 ||     6
Armor: Robe              |   104 |     6 ||   110
Dodge: Dodged            |   228 |    21 ||   249

Table legend:
 A = Non-vault XP
 B = Vault XP
 C = Vault XP percentage of total XP
 D = Non-vault monster count
 E = Vault monster count
 F = Vault count percentage of total count
                 A         B        C        D         E       F
            +---------+---------+-------+---------+---------+-------
      Total |     104 |       0 |   0.0 |      42 |       0 |   0.0
            +---------+---------+-------+---------+---------+-------
        D:1 |      53 |       0 |   0.0 |      28 |       0 |   0.0
        D:2 |      51 |       0 |   0.0 |      14 |       0 |   0.0
            +---------+---------+-------+---------+---------+-------
